 Dungeon Crawl Stone Soup version 0.31-a0-222-gefeffbb62a (webtiles) character file.

Game seed: 4712621390496467740

48 innerfire43 the Trooper (level 3, -3/29 HPs)
             Began as a Demonspawn Monk on July 5, 2023.
             Slain by a goblin
             ... wielding a +0 club
             ... led by Robin
              (4 damage)
             ... on level 2 of the Dungeon.
             The game lasted 00:01:05 (780 turns).

innerfire43 the Trooper (Demonspawn Monk)            Turns: 780, Time: 00:01:05

Health: -3/29      AC:  3    Str: 13    XL:     3   Next: 50%
Magic:  3/3        EV: 13    Int: 13    God:
Gold:   64         SH:  0    Dex: 15    Spells: 2/2 levels left

rFire   . . .        j - +0 trident (vamp)
rCold   . . .        d - orb {light}
rNeg    . . .        b - +0 robe
rPois   .            k - +0 helmet
rElec   .            (no cloak)
rCorr   .            (no gloves)
SInv    .            (no boots)
Will    .....        (no amulet)
Stlth   +            (no ring)
HPRegen 0.24/turn    (no ring)
MPRegen 0.08/turn

%: no passive effects
@: glowing
A: big brain 1
a: no special abilities


You were on level 2 of the Dungeon.
You visited 1 branch of the dungeon, and saw 2 of its levels.

You collected 64 gold pieces.

Inventory:

Hand Weapons
 a - a +0 hand axe
 j - a +0 vampiric trident (weapon)
Armour
 b - a +0 robe (worn)
 d - an orb of light (worn)
 k - a +0 helmet (worn)
Scrolls
 h - a scroll of immolation {unknown}
 i - a scroll of teleportation {unknown}
 l - a scroll of enchant weapon {unknown}
Potions
 c - a potion of ambrosia
 e - a potion of heal wounds {unknown}
 f - a potion of resistance {unknown}
 g - a potion of brilliance {unknown}


   Skills:
 + Level 3.5 Fighting
 - Level 3.0(3.1) Axes
 * Level 1.1(2.2) Polearms
 + Level 3.1 Dodging


You had 2 spell levels left.
You didn't know any spells.
Your spell library was empty.

Dungeon Overview and Level Annotations

Branches:
Dungeon (2/15)

Altars:

Annotations:
D:2 Sigmund


Innate Abilities, Weirdness & Mutations

You have an unusually large brain. (Int +2)


Message History

The goblin barely misses you. Sigmund completely misses you.
The goblin barely misses you.
An endoplasm comes into view.
The goblin hits you with a +0 club.
* * * LOW HITPOINT WARNING * * *
The goblin hits you but does no damage.
You puncture Robin!
You feel better.
Robin is heavily wounded.
You feel less invigorated.
You feel less confused.
Sigmund hits you from afar with a +0 scythe.
The goblin barely misses you. The goblin closely misses you.
The goblin hits you with a +0 club.
You puncture Robin!
Robin is almost dead.
The goblin no longer looks unusually strong.
The goblin hits you but does no damage. x2; The goblin closely misses you.
Robin roars a battlecry!
The goblin goes into a battle-frenzy!
Sigmund misses you.
You puncture Robin!
You kill Robin!
The goblin hits you with a +0 club. The goblin barely misses you. x2
Your base Polearms skill increases to level 1!
Unknown command.
You completely miss the goblin.
The hobgoblin no longer looks unusually strong.
The goblin closely misses you. Sigmund hits you but does no damage.
The goblin barely misses you. The goblin misses you.
The goblin hits you with a +0 club.
* * * LOW HITPOINT WARNING * * *
Unknown command.
You hit the goblin.
You feel better.
The goblin is severely wounded.
The goblin hits you but does no damage. The goblin closely misses you.
The goblin hits you with a +0 club.
* * * LOW HITPOINT WARNING * * *
The goblin misses you. Sigmund barely misses you.
The goblin hits you with a +0 club.
You die...

......#.############...........
..### #.....# #...<##......
#####.#######...## .....
#....#....... ....
#####...###.#.. . ...
#....#..)...##... ..
#....##.##..##... .
........gg##...)....
........g@g@.......
###....####J....... #....
#.†....... #.... ...###....#
... #... .... ### ###. ... ##
#.


You could see Sigmund (invisible), an endoplasm and 4 goblins.

Vanquished Creatures
  Robin (D:2)
  An adder (D:2)
  3 endoplasms (D:1)
  A giant cockroach (D:1)
  5 goblins
  7 hobgoblins
  3 kobolds (D:1)
  2 ball pythons
  A bat (D:1)
  2 rats
26 creatures vanquished.

Notes
Turn   | Place    | Note
-------+----------+-------------------------------------------
     0 | D:1      | innerfire43 the Demonspawn Monk began the quest for the
                  | Orb.
     0 | D:1      | Reached XP level 1. HP: 18/18 MP: 1/1
   182 | D:1      | Gained mutation: You have an unusually large brain. (Int
                  | +2) [demonic ancestry]
   182 | D:1      | Reached XP level 2. HP: 12/24 MP: 2/2
   707 | D:2      | Reached XP level 3. HP: 27/29 MP: 3/3
   756 | D:2      | Noticed Sigmund
   757 | D:2      | Noticed Robin
   778 | D:2      | Killed Robin
   779 | D:2      | Reached skill level 1 in Polearms
   780 | D:2      | HP: 1/29 [goblin/+0 club[Robin] (6)]
   780 | D:2      | Slain by a goblin

Illustrated notes

Levels and vault maps discovered:
D:1:      saegor_arrival_simple_c, layout_rooms, amcnicky_mini_pool_small
D:2:      layout_rooms, shapermc_ecumenical_altar_mp_highgroup, uniq_robin,
          uniq_sigmund

Skill      XL: |  1  2  3 |
---------------+----------+-----
Axes           | 3 |  3.0
Dodging        | 3 |  3.1
Polearms       | 1 |  1.1
Fighting       | |  3.5

Action                     || total
---------------------------++-------
  Melee: Hand axe          ||    41
         Trident           ||    35
    Use: Potion            ||     1
 Armour: Robe              ||    27
  Dodge: Dodged            ||    98

Table legend: (Time is in decaauts)
 A = Elapsed time spent in this place.
 B = Non-inter-level travel time spent in this place.
 C = Inter-level travel time spent in this place.
 D = Time resting spent in this place.
 E = Time spent auto-exploring this place.
 F = Levels seen in this place.
 G = Mean time per level.
                   A        B        C        D        E       F      G
               +--------+--------+--------+--------+--------+-----+--------+
         Total |    792 |    792 |      0 |      0 |    572 |   2 |  396.0 |
       Dungeon |    792 |    792 |      0 |      0 |    572 |   2 |  396.0 |
               +--------+--------+--------+--------+--------+-----+--------+

Top non-repeatable levels by time:
     D:1: 703 daAuts
     D:2: 89 daAuts
